 Dungeon Crawl Stone Soup version 0.31.0-1-g2c135a0 (webtiles) character file.

Game seed: 16243122793734876075

864 samcosmo the Apothecary (level 7, 0/40 HPs)
             Began as a Deep Elf Alchemist on Mar 13, 2024.
             Slain by a sleepcap (4 damage)
             ... on level 5 of the Dungeon on Mar 14, 2024.
             The game lasted 00:20:33 (5365 turns).

samcosmo the Apothecary (Deep Elf Alchemist)        Turns: 5365, Time: 00:20:34

Health: 0/40       AC:  3    Str:  5    XL:     7   Next: 72%
Magic:  9/18       EV: 12    Int: 22    God:
Gold:   248        SH:  0    Dex: 15    Spells: 4/18 levels left

rFire   . . .        f - staff of conjuration
rCold   . . .        (no shield)
rNeg    . . .        a - +0 robe
rPois   .            p - +0 helmet
rElec   .            (no cloak)
rCorr   .            (no gloves)
SInv    .            (no boots)
Will    +....        (no amulet)
Stlth   ++           l - ring of willpower
HPRegen 0.26/turn    (no ring)
MPRegen 0.16/turn

%: no passive effects
@: no status effects
A: no striking features
a: no special abilities


You were on level 5 of the Dungeon.
You visited 1 branch of the dungeon, and saw 5 of its levels.

You collected 248 gold pieces.

Inventory:

Hand Weapons
 c - a +0 dagger
 g - a +2 dagger of electrocution
Armour
 a - a +0 robe (worn)
 j - the orb "Imamidgh" {mayhem, rN+++ Str-4 Int-3 Earth}
   (You found it on level 2 of the Dungeon)

   Str-4:     It affects your strength (-4).
   Int-3:     It affects your intelligence (-3).
   rN+++:     It renders you almost immune to negative energy.
   Earth:     It increases the power of your Earth spells.
 p - a +0 helmet (worn)
Magical Staves
 f - a staff of conjuration (weapon)
Jewellery
 k - a ring of flight
 l - a ring of willpower (left hand)
Talismans
 t - a blade talisman
Wands
 n - a wand of mindburst (10)
 o - a wand of polymorph (5)
Scrolls
 d - 2 scrolls of identify
 e - 2 scrolls of enchant armour
 h - a scroll of poison
 m - a scroll of silence
 q - a scroll of vulnerability
 r - a scroll of amnesia
 w - a scroll of teleportation
Potions
 b - 2 potions of magic
 i - a potion of lignification
 s - a potion of haste
 u - a potion of invisibility
 v - a potion of attraction


   Skills:
 + Level 2.3 Fighting
 - Level 2.4 Dodging
 - Level 2.4 Stealth
 + Level 6.3 Spellcasting
 + Level 3.3 Conjurations
 - Level 0.6 Air Magic
 * Level 7.5 Alchemy


You had 4 spell levels left.
You knew the following spells:

 Your Spells              Type           Power      Damage    Failure   Level
a - Sting                 Conj/Alch      100%       1d9       1%          1
b - Mercury Vapours       Alch/Air       48%        N/A       2%          2
c - Mephitic Cloud        Conj/Alch/Air  35%        N/A       5%          3
d - Olgreb's Toxic Radia  Alch           40%        N/A       4%          4
e - Sticky Flame          Fire/Alch      23%        2d6       19%         4

Your spell library contained the following spells:

 Spells                   Type           Power      Damage    Failure   Level
 Call Canine Familiar     Summ           6%         N/A       26%         3
 Sigil of Binding         Hex            6%         N/A       26%         3
 Dimensional Bullseye     Hex/Tloc       3%         N/A       65%         4


Dungeon Overview and Level Annotations

Branches:
Dungeon (5/15)
 Temple: D:4-7

Altars:
Ashenzari
Makhleb
Okawaru


Message History

Casting: Mercury Vapours (safe; 2% risk of failure)
Confirm with . or Enter, or press ? or * to list all spells.
Aiming: Sting (safe; 1% risk of failure)
Press: ? - help, Shift-Dir - straight line, f/p - sleepcap
Aim: a sleepcap (100% to hit)
You feel a surge of power!
The sting hits the sleepcap.
The sleepcap partially resists.
The sleepcap is poisoned.
The sleepcap is lightly damaged.
The sleepcap releases spores at you.
You are engulfed in a cloud of soporific spores!
You are unaffected.
The sleepcap misses you.
Casting: Sting (safe; 1% risk of failure)
Confirm with . or Enter, or press ? or * to list all spells.
Aiming: Sting (safe; 1% risk of failure)
Press: ? - help, Shift-Dir - straight line, f/p - sleepcap
Aim: a sleepcap (lightly damaged, poisoned, 100% to hit)
You feel a surge of power!
The sting hits the sleepcap.
The sleepcap partially resists.
The sleepcap looks even sicker.
The sleepcap is moderately damaged.
The sleepcap is no longer weakened.
The sleepcap releases spores at you.
You are engulfed in a cloud of soporific spores!
You are unaffected.
The sleepcap releases spores at you.
* * * LOW HITPOINT WARNING * * *
You are engulfed in a cloud of soporific spores!
You are unaffected.
Casting: Sting (safe; 1% risk of failure)
Confirm with . or Enter, or press ? or * to list all spells.
Aiming: Sting (safe; 1% risk of failure)
Press: ? - help, Shift-Dir - straight line, f/p - sleepcap
Aim: a sleepcap (moderately damaged, very poisoned, 100% to hit)
You feel a surge of power!
The sting hits the sleepcap.
The sleepcap looks even sicker.
The sleepcap is moderately damaged.
The sleepcap releases spores at you!
* * * LOW HITPOINT WARNING * * *
The sleepcap releases spores at you.
* * * LOW HITPOINT WARNING * * *
The sleepcap looks more healthy.
The sleepcap attacks as it pursues you! The sleepcap releases spores at you.
You die...

#.......#.###(#............
#.....#.#..##....>.........
##[........................
###.........................
#..........#............####
............#.......>....#
#...#......†...............
.........................?#
#.##.##.........@f........#
..#...............f)......
..................##......
..#...............# .)....
..#...##.........## ))...
#...## ##........# ).... ...
..#....... .... .# .#.......
.###


You could see 2 sleepcaps.

Vanquished Creatures
  A black bear (D:4)
  An ogre (D:4)
  A centaur (D:5)
  A phantom (D:3)
  2 scorpions
  2 hounds
  A jelly (D:4)
  An orc priest (D:5)
  Natasha (thrice) (D:2)
  An orc wizard (D:5)
  Robin (D:2)
  5 adders
  3 dart slugs
  4 ribbon worms
  17 orcs
  7 ball pythons
  5 bats
  12 endoplasms
  3 giant cockroaches
  14 goblins
  7 hobgoblins
  5 quokkas
  3 frilled lizards
  9 kobolds
  5 rats
114 creatures vanquished.

Notes
Turn   | Place    | Note
-------+----------+-------------------------------------------
     0 | D:1      | samcosmo the Deep Elf Alchemist began the quest for the
                  | Orb.
     0 | D:1      | Reached XP level 1. HP: 10/10 MP: 6/6
   308 | D:1      | Reached XP level 2. HP: 15/15 MP: 5/8
   345 | D:1      | Reached skill level 4 in Alchemy
   349 | D:1      | Learned a level 2 spell: Mercury Vapours
   796 | D:1      | Reached XP level 3. HP: 19/19 MP: 7/10
  1244 | D:1      | Learned a level 3 spell: Mephitic Cloud
  1276 | D:2      | Identified the orb "Imamidgh" {mayhem, rN+++ Str-4 Int-3
                  | Earth}
  1572 | D:2      | Noticed Robin
  1583 | D:2      | Killed Robin
  1819 | D:2      | Noticed Natasha
  1824 | D:2      | Killed Natasha
  1825 | D:2      | Reached skill level 5 in Alchemy
  1825 | D:2      | Reached XP level 4. HP: 14/24 MP: 7/12
  1954 | D:2      | Noticed Natasha
  1958 | D:2      | Killed Natasha
  1999 | D:2      | Noticed Natasha
  2006 | D:2      | Killed Natasha
  2007 | D:2      | Reached XP level 5. HP: 23/28 MP: 1/13
  2820 | D:3      | Found an iron altar of Okawaru.
  3386 | D:3      | Found a burning altar of Makhleb.
  3601 | D:4      | Learned a level 4 spell: Olgreb's Toxic Radiance
  3662 | D:4      | Noticed a black bear
  3670 | D:4      | Killed a black bear
  3671 | D:4      | Reached skill level 5 in Spellcasting
  3671 | D:4      | Reached skill level 6 in Alchemy
  3671 | D:4      | Reached XP level 6. HP: 23/33 MP: 5/15
  3675 | D:4      | Reached skill level 1 in Fighting
  4544 | D:4      | Reached XP level 7. HP: 30/39 MP: 11/17
  4744 | D:3      | Learned a level 4 spell: Sticky Flame
  4831 | D:3      | Reached skill level 7 in Alchemy
  5118 | D:5      | Entered Level 5 of the Dungeon
  5226 | D:5      | Found a broken altar of Ashenzari.
  5365 | D:5      | Slain by a sleepcap

Illustrated notes

Levels and vault maps discovered:
D:1:      dpeg_arrival_simpleton_b, layout_basic
D:2:      layout_loops_ring, palyth_stone_intersect, uniq_natasha, uniq_robin
D:3:      layout_basic, bloody_makhleb, general_overflow_altar
D:4:      minmay_opposing_rooms, layout_rooms, hangedman_minor_gate_pass
D:5:      layout_cave_pools, old_standard_altar, serial_shops,
          nicolae_shop_rolling_square, uniq_edmund, uniq_duvessa

Skill      XL: |  1  2  3  4  5  6  7 |
---------------+----------------------+-----
Alchemy        | 4 5 6 7 |  7.5
Spellcasting   | 4 5 6 |  6.3
Fighting       | 1 2 |  2.3
Conjurations   | 2 3 |  3.3
Dodging        | |  2.4
Stealth        | |  2.4
Air Magic      | |  0.6

Action                     |  1- 3 |  4- 6 |  7- 9 || total
---------------------------+-------+-------+-------++-------
  Melee: Dagger            |     5 |       |       ||     5
         Staff             |     8 |    10 |    39 ||    57
   Cast: Sting             |    72 |   106 |    31 ||   209
         Mercury Vapours   |     7 |    12 |     1 ||    20
         Olgreb's Toxic Ra |       |     1 |     2 ||     3
         Sticky Flame      |       |       |     5 ||     5
    Use: Scroll            |       |    11 |     4 ||    15
 Armour: Robe              |    22 |    27 |    46 ||    95
  Dodge: Dodged            |    15 |    23 |    34 ||    72
         Form:             |       |     1 |       ||     1
         Blade             |       |     1 |       ||     1
